cohdb
Replays
Latest Replays
All Replays
Popular Replays
Top Player Replays
Match Explorer
How It Works
Community
CoH3 Stats
Reddit
Sign in to upload your games and track your stats! →
Sign in with Steam
Match 44172955
Unlisted
Match 44172955
Overview
Messages
Build Orders
End
Royal Engineer Section
Construct Section Command Post
Selects Canadian Shock Battlegroup
Dingo Light Scout Car
Infantry Section
Infantry Section
Infantry Section
Selects Attacking Spirit
Selects Canadian Shock Section
Construct Platoon Command Post
Royal Engineer Section
Grenade Package
Construct Field Infirmary
Vickers Machine Gun Team
6-pounder Anti-tank Gun Team
Selects Incendiary Munitions
Selects Pyrotechnics
Canadian Shock Section
Construct Company Command Post
Selects Churchill Crocodile Heavy Tank
Canadian Shock Section
Churchill Crocodile Heavy Tank
Selects Smoke Operation
Unlock Towed 17-pounder Anti-tank Guns
Smoke Operation
Smoke Operation
DrewP
Showdawg
0
0
Comments
sign in to comment!
No comments posted yet!